[Event "23rd Pirc Memorial Juniors 202"]
[Site "Maribor"]
[Date "2020.08.12"]
[Round "1.1"]
[White "Drevensek, Doroteja"]
[Black "Drevensek, Gasper"]
[Result "1/2-1/2"]
[ECO "B07"]
[WhiteElo "1381"]
[BlackElo "1446"]
[Annotator "NA RC"]
[PlyCount "65"]
[EventDate "2020.08.12"]
[EventType "tourn"]
[EventCountry "SLO"]
[SourceTitle "playchess.com"]
[Source "ChessBase"]
[SourceQuality "1"]
[TimeControl "3600+30"]

1. e4 d6 2. d4 Nf6 3. Nc3 g6 4. Be3 Bg7 5. Qd2 c6 6. Bh6 Bxh6 7. Qxh6 Qa5 8. Bd3 Nbd7 9. Nf3 c5 10. d5 c4 11. Bxc4 Qc5 12. Bd3 Qxf2+ 13. Kxf2 Ng4+ 14. Kg3 Nxh6 15. Nb5 O-O 16. Nbd4 Nc5 17. Rhf1 Bd7 18. h3 Rac8 19. Rac1 Rc7 20. Nd2 Rfc8 21. Bb5 a6 22. Bxd7 Nxd7 23. c3 Ne5 24. N2f3 Rc4 25. Nd2 R4c7 26. Rc2 Kg7 27. N4f3 f6 28. Nxe5 dxe5 29. Rd1 Nf7 30. c4 Nd6 31. Rdc1 f5 32. c5 f4+ 33. Kf3 1/2-1/2

[Event "23rd Pirc Memorial Juniors 202"]
[Site "Maribor"]
[Date "2020.08.12"]
[Round "1.2"]
[White "Guid, Taja"]
[Black "Heric, Meta"]
[Result "1/2-1/2"]
[ECO "E18"]
[WhiteElo "1705"]
[BlackElo "1287"]
[Annotator "NA RC"]
[PlyCount "68"]
[EventDate "2020.08.12"]
[EventType "tourn"]
[EventCountry "SLO"]
[SourceTitle "playchess.com"]
[Source "ChessBase"]
[SourceQuality "1"]
[TimeControl "3600+30"]

1. d4 d5 2. c4 e6 3. g3 Nf6 4. Nf3 Be7 5. Bg2 O-O 6. O-O b6 7. cxd5 exd5 8. Nc3 Bb7 9. Qc2 c5 10. Rd1 Nbd7 11. h3 Rc8 12. Be3 Nb8 13. dxc5 Bxc5 14. Bxc5 Rxc5 15. Qd2 Rc8 16. Nh4 Re8 17. e3 Ne4 18. Qe1 Nxc3 19. bxc3 Rc5 20. e4 Qf6 21. Rac1 dxe4 22. Rd4 Rce5 23. Bh1 Nc6 24. Rxe4 Rxe4 25. Bxe4 Qe6 26. f3 Na5 27. Ng2 Bxe4 28. fxe4 Qxe4 29. Qxe4 Rxe4 30. Rd1 h6 31. Rd8+ Kh7 32. Rd7 Rc4 33. Rxf7 Rxc3 34. Kh2 Rc2 1/2-1/2

[Event "23rd Pirc Memorial Juniors 202"]
[Site "Maribor"]
[Date "2020.08.12"]
[Round "1.3"]
[White "Centrih, Aleks"]
[Black "Kodric, Gasper"]
[Result "1-0"]
[ECO "B12"]
[WhiteElo "1746"]
[BlackElo "1624"]
[Annotator "NA RC"]
[PlyCount "77"]
[EventDate "2020.08.12"]
[EventType "tourn"]
[EventCountry "SLO"]
[SourceTitle "playchess.com"]
[Source "ChessBase"]
[SourceQuality "1"]
[TimeControl "3600+30"]

1. e4 c6 2. d4 d5 3. e5 c5 4. dxc5 e6 5. Be3 Nd7 6. Bb5 Ne7 7. c3 a6 8. Bxd7+ Bxd7 9. Nf3 Nf5 10. Bd4 Qc7 11. b4 a5 12. O-O Be7 13. a3 O-O 14. Nbd2 f6 15. Qe2 Nxd4 16. cxd4 b6 17. Rfc1 Rfc8 18. c6 Be8 19. b5 f5 20. Qe3 h5 21. Ng5 Bf7 22. Ndf3 g6 23. Nxf7 Kxf7 24. Ng5+ Bxg5 25. Qxg5 Qe7 26. Qxe7+ Kxe7 27. a4 h4 28. h3 f4 29. g3 f3 30. Kh2 Rf8 31. Rc3 Rf5 32. c7 Kd7 33. Rac1 Rff8 34. c8=Q+ Raxc8 35. Rxc8 hxg3+ 36. Kxg3 Rxc8 37. Rxc8 Kxc8 38. Kg4 Kd7 39. Kg5 1-0

[Event "23rd Pirc Memorial Juniors 202"]
[Site "Maribor"]
[Date "2020.08.12"]
[Round "1.4"]
[White "Javornik, Lina"]
[Black "Kozlovic, Jernej"]
[Result "0-1"]
[ECO "C47"]
[WhiteElo "1330"]
[BlackElo "1445"]
[Annotator "NA RC"]
[PlyCount "70"]
[EventDate "2020.08.12"]
[EventType "tourn"]
[EventCountry "SLO"]
[SourceTitle "playchess.com"]
[Source "ChessBase"]
[SourceQuality "1"]
[TimeControl "3600+30"]

1. e4 e5 2. Nf3 Nc6 3. Nc3 Nf6 4. d4 exd4 5. Nxd4 Bb4 6. Nxc6 bxc6 7. Bd3 O-O 8. O-O Re8 9. Bg5 h6 10. Bxf6 Qxf6 11. Na4 d5 12. f3 Bd6 13. Rc1 Qd4+ 14. Kh1 Qxa4 15. Re1 Bd7 16. b3 Qd4 17. c3 Qe5 18. g3 Qh5 19. Rg1 Bc5 20. Re1 Bf2 21. g4 Qh3 22. Bf1 Qh4 23. Re2 Bg3 24. Rg2 Bf4 25. Rcc2 Rad8 26. h3 Qxh3+ 27. Rh2 Qg3 28. Rh3 Qxh3+ 29. Bxh3 dxe4 30. fxe4 Bf5 31. Qxd8 Bxe4+ 32. Kg1 Rxd8 33. Re2 Rd1+ 34. Kf2 Rd2 35. Kf1 Bd3 0-1

[Event "23rd Pirc Memorial Juniors 202"]
[Site "Maribor"]
[Date "2020.08.12"]
[Round "2.1"]
[White "Drevensek, Gasper"]
[Black "Javornik, Nik"]
[Result "0-1"]
[ECO "B23"]
[WhiteElo "1446"]
[BlackElo "1786"]
[Annotator "NA"]
[PlyCount "54"]
[EventDate "2020.08.12"]
[EventType "tourn"]
[EventCountry "SLO"]
[SourceTitle "playchess.com"]
[Source "ChessBase"]
[SourceQuality "1"]
[TimeControl "3600+30"]

1. e4 c5 2. Nc3 Nc6 3. f4 g6 4. Nf3 Bg7 5. Bb5 Nd4 6. O-O e6 7. e5 a6 8. Bd3 d6 9. Ne4 dxe5 10. fxe5 f5 11. exf6 Nxf6 12. Nxc5 Nxf3+ 13. Qxf3 Qd4+ 14. Kh1 Qxc5 15. Qg3 O-O 16. Re1 Nh5 17. Qg4 e5 18. Qe4 Bf5 19. Qxb7 Bxd3 20. cxd3 Qf2 21. Rg1 Nf4 22. b3 e4 23. Rb1 Ne2 24. Ba3 Nxg1 25. Bxf8 Rxf8 26. Rxg1 Bd4 27. Qd5+ Kh8 0-1

[Event "23rd Pirc Memorial Juniors 202"]
[Site "Maribor"]
[Date "2020.08.12"]
[Round "2.2"]
[White "Kozlovic, Jernej"]
[Black "Lavrencic, Matic"]
[Result "1/2-1/2"]
[ECO "B50"]
[WhiteElo "1445"]
[BlackElo "1902"]
[Annotator "ChessBase"]
[PlyCount "76"]
[EventDate "2020.08.12"]
[EventType "tourn"]
[EventCountry "SLO"]
[SourceTitle "playchess.com"]
[Source "ChessBase"]
[SourceQuality "1"]
[TimeControl "3600+30"]

1. e4 c5 2. Nf3 d6 3. c3 Nf6 4. h3 g6 5. Bd3 Bg7 6. Bc2 Nc6 7. d4 cxd4 8. cxd4 O-O 9. Nc3 e5 10. O-O a6 11. Bg5 h6 12. Bh4 g5 13. Bg3 Nh5 14. Nxe5 Nxg3 15. Nxc6 bxc6 16. fxg3 Qb6 17. Ne2 Qxb2 18. Qd3 Qb5 19. Rab1 Qxd3 20. Bxd3 Be6 21. Rb6 d5 22. Rxc6 dxe4 23. Bxe4 Bxa2 24. Ra1 Be6 25. Ra5 Bd7 26. Rcxa6 Rxa6 27. Rxa6 Bb5 28. Ra2 Bxe2 29. Rxe2 Bxd4+ 30. Kf1 Kg7 31. Rd2 Be5 32. g4 Re8 33. Bd5 Bg3 34. Re2 Rd8 35. Rd2 Rd6 36. Ke2 Bf4 37. Rd1 Rb6 38. Kd3 Kf6 1/2-1/2

[Event "23rd Pirc Memorial Juniors 202"]
[Site "Maribor"]
[Date "2020.08.12"]
[Round "2.3"]
[White "Kodric, Gasper"]
[Black "Javornik, Lina"]
[Result "1-0"]
[ECO "A20"]
[WhiteElo "1624"]
[BlackElo "1330"]
[Annotator "NA"]
[PlyCount "81"]
[EventDate "2020.08.12"]
[EventType "tourn"]
[EventCountry "SLO"]
[SourceTitle "playchess.com"]
[Source "ChessBase"]
[SourceQuality "1"]
[TimeControl "3600+30"]

1. c4 e5 2. g3 Nf6 3. Bg2 c6 4. d4 d5 5. dxe5 Ng4 6. cxd5 Qb6 7. e3 Nxe5 8. Ne2 Bb4+ 9. Nbc3 O-O 10. a3 Bxc3+ 11. Nxc3 Qa6 12. Qe2 Nd3+ 13. Kd2 Nc5 14. Qxa6 Nbxa6 15. Kc2 Bf5+ 16. e4 Bg6 17. dxc6 bxc6 18. f4 f6 19. b4 Ne6 20. Be3 c5 21. b5 Nac7 22. f5 Nd4+ 23. Bxd4 cxd4 24. fxg6 dxc3 25. gxh7+ Kxh7 26. a4 Rac8 27. Rhd1 Ne6 28. Bh3 f5 29. Bxf5+ g6 30. Bxe6 Rf2+ 31. Kc1 Rc5 32. Ra2 c2 33. Re1 Rc3 34. a5 a6 35. b6 Rd3 36. Rxc2 Rxc2+ 37. Kxc2 Rd8 38. b7 Rb8 39. Bc8 Kg7 40. Rd1 Kf7 41. Rd6 1-0

[Event "23rd Pirc Memorial Juniors 202"]
[Site "Maribor"]
[Date "2020.08.12"]
[Round "2.4"]
[White "Heric, Meta"]
[Black "Centrih, Aleks"]
[Result "0-1"]
[ECO "E81"]
[WhiteElo "1287"]
[BlackElo "1746"]
[Annotator "NA"]
[PlyCount "112"]
[EventDate "2020.08.12"]
[EventType "tourn"]
[EventCountry "SLO"]
[SourceTitle "playchess.com"]
[Source "ChessBase"]
[SourceQuality "1"]
[TimeControl "3600+30"]

1. d4 Nf6 2. c4 g6 3. Nc3 Bg7 4. e4 d6 5. f3 O-O 6. Be3 c5 7. Nge2 Nc6 8. Qd2 Nd7 9. d5 Nce5 10. b3 Qa5 11. h3 Nf6 12. f4 Ned7 13. Rc1 a6 14. Ng3 h5 15. Bd3 b5 16. cxb5 axb5 17. Bxb5 h4 18. Bxd7 Nxd7 19. Nge2 Ba6 20. f5 Bxe2 21. Nxe2 Qxa2 22. Qxa2 Rxa2 23. Rb1 Rb8 24. Nf4 gxf5 25. exf5 Ra3 26. O-O Raxb3 27. Rxb3 Rxb3 28. Bf2 Bf6 29. Nh5 Rd3 30. Nxf6+ Nxf6 31. Bxh4 Rxd5 32. g4 Rd4 33. Re1 Kf8 34. Bg5 Re4 35. Rxe4 Nxe4 36. Be3 Kg7 37. h4 d5 38. Bc1 d4 39. Bb2 f6 40. Kf1 d3 41. Ke1 c4 42. g5 c3 43. Bxc3 Nxc3 44. Kd2 Ne4+ 45. Kxd3 Ng3 46. gxf6+ Kxf6 47. Kd2 Kxf5 48. Ke3 e5 49. Kf3 Nh5 50. Ke3 e4 51. Ke2 Kf4 52. Kf2 e3+ 53. Ke2 Ke4 54. Ke1 Kf3 55. Kf1 e2+ 56. Ke1 Nf4 0-1

[Event "23rd Pirc Memorial Juniors 202"]
[Site "Maribor"]
[Date "2020.08.12"]
[Round "2.5"]
[White "Drevensek, Doroteja"]
[Black "Guid, Taja"]
[Result "0-1"]
[ECO "B22"]
[WhiteElo "1381"]
[BlackElo "1705"]
[Annotator "NA"]
[PlyCount "108"]
[EventDate "2020.08.12"]
[EventType "tourn"]
[EventCountry "SLO"]
[SourceTitle "playchess.com"]
[Source "ChessBase"]
[SourceQuality "1"]
[TimeControl "3600+30"]

1. e4 c5 2. c3 g6 3. d4 cxd4 4. cxd4 d5 5. exd5 Nf6 6. Nf3 Nxd5 7. Bc4 Nb6 8. Bb3 Bg7 9. O-O O-O 10. h3 Nc6 11. Be3 Na5 12. Bc2 Nac4 13. Bc1 Nd5 14. b3 Ncb6 15. Qd2 h6 16. Bb2 Be6 17. Na3 Rc8 18. Rac1 a6 19. Bb1 Nf6 20. Rxc8 Nxc8 21. Qb4 b5 22. Rc1 Nd5 23. Qd2 Qd6 24. Nc2 Qf4 25. Ne3 Nf6 26. d5 Nxd5 27. Bxg7 Kxg7 28. Nxd5 Qxd2 29. Nxd2 Bxd5 30. Rc7 e6 31. Be4 Nb6 32. Ra7 Ra8 33. Rxa8 Bxa8 34. Bc2 f5 35. f3 Kf6 36. Kf2 Nd5 37. a4 Nb4 38. Bd1 bxa4 39. bxa4 Bd5 40. Ke2 Ke5 41. Nb1 Kd4 42. Kd2 Na2 43. Be2 Bc4 44. Bd1 e5 45. Na3 Bf1 46. g4 Bxh3 47. Nc2+ Kc5 48. gxf5 Bxf5 49. Ne3 Nb4 50. Kc3 Nd5+ 51. Nxd5 Kxd5 52. Kb4 Bd3 53. Bb3+ Kd4 54. Bd1 h5 0-1

[Event "23rd Pirc Memorial Juniors 202"]
[Site "Maribor"]
[Date "2020.08.13"]
[Round "3.1"]
[White "Guid, Taja"]
[Black "Drevensek, Gasper"]
[Result "1/2-1/2"]
[ECO "A42"]
[WhiteElo "1705"]
[BlackElo "1446"]
[Annotator "NA RC"]
[PlyCount "114"]
[EventDate "2020.08.12"]
[EventType "tourn"]
[EventCountry "SLO"]
[SourceTitle "playchess.com"]
[Source "ChessBase"]
[SourceQuality "1"]
[TimeControl "3600+30"]

1. d4 d6 2. Nf3 g6 3. c4 Bg7 4. g3 Nd7 5. Bg2 e5 6. O-O Ne7 7. e4 O-O 8. Nc3 a5 9. Be3 Nc6 10. b3 Re8 11. Rc1 Nf6 12. h3 Bd7 13. Re1 Qc8 14. Kh2 Nh5 15. a3 Kh8 16. d5 Ne7 17. c5 Qd8 18. Ng5 Rf8 19. b4 f5 20. exf5 Nxf5 21. Ne6 Bxe6 22. dxe6 Nxe3 23. fxe3 axb4 24. axb4 Qe7 25. Nd5 Qg5 26. g4 Rf2 27. Re2 Rxe2 28. Qxe2 e4 29. Nxc7 Qe5+ 30. Kg1 Rc8 31. cxd6 Qxd6 32. gxh5 Rxc7 33. Rxc7 Qxc7 34. hxg6 hxg6 35. Bxe4 Qg3+ 36. Bg2 Qe5 37. Bxb7 Qxe6 38. Bg2 Bh6 39. Qb2+ Kh7 40. e4 Bg7 41. Qd2 Qc4 42. Kh1 Qb3 43. Qe1 Qd3 44. e5 Qd7 45. e6 Qe7 46. b5 Bf6 47. b6 Qd6 48. b7 Be7 49. Qf1 Kh6 50. Qc1+ Bg5 51. Qe1 Kh7 52. Qb1 Qb8 53. Be4 Kh6 54. Bxg6 Qg3 55. Qc2 Qf3+ 56. Qg2 Qd1+ 57. Qg1 Qf3+ 1/2-1/2

[Event "23rd Pirc Memorial Juniors 202"]
[Site "Maribor"]
[Date "2020.08.13"]
[Round "3.2"]
[White "Centrih, Aleks"]
[Black "Drevensek, Doroteja"]
[Result "1-0"]
[ECO "C41"]
[WhiteElo "1746"]
[BlackElo "1381"]
[Annotator "NA RC"]
[PlyCount "123"]
[EventDate "2020.08.12"]
[EventType "tourn"]
[EventCountry "SLO"]
[SourceTitle "playchess.com"]
[Source "ChessBase"]
[SourceQuality "1"]
[TimeControl "3600+30"]

1. e4 e5 2. Nf3 d6 3. Bc4 Be7 4. O-O Nf6 5. Re1 O-O 6. h3 c6 7. d4 Nbd7 8. Bf1 b5 9. c3 a6 10. a4 Bb7 11. Nbd2 Re8 12. axb5 axb5 13. Rxa8 Bxa8 14. Bd3 Bf8 15. Nf1 Qb6 16. Ng3 g6 17. Be3 Qb8 18. Bc2 exd4 19. cxd4 c5 20. Bf4 cxd4 21. Qxd4 Ne5 22. Bxe5 dxe5 23. Qe3 Rc8 24. Bb3 Bc5 25. Qg5 Qb6 26. Re2 Qd6 27. Nf5 Qb6 28. Nxe5 Bxf2+ 29. Rxf2 Qxf2+ 30. Kxf2 Nxe4+ 31. Kf1 Nxg5 32. Ne7+ Kg7 33. Nxc8 f6 34. Nd3 Ne4 35. Be6 f5 36. Bd7 Bb7 37. Na7 Ng3+ 38. Kf2 Ne4+ 39. Kg1 Nd6 40. Bc6 Bxc6 41. Nxc6 Kf6 42. Nd4 h6 43. Kf2 g5 44. Ke3 Nc4+ 45. Kf3 Nd6 46. Nb4 h5 47. Nbc6 Kg6 48. Na7 g4+ 49. Kf4 Nc4 50. Naxb5 Nxb2 51. h4 Nd3+ 52. Ke3 Ne5 53. Nd6 Kf6 54. N6xf5 Ng6 55. g3 Ne5 56. Nd6 Ng6 57. Ke4 Ne7 58. Ne8+ Kf7 59. Nc7 Kf6 60. Nd5+ Nxd5 61. Kxd5 Kg6 62. Ke6 1-0

[Event "23rd Pirc Memorial Juniors 202"]
[Site "Maribor"]
[Date "2020.08.13"]
[Round "3.3"]
[White "Javornik, Lina"]
[Black "Heric, Meta"]
[Result "0-1"]
[ECO "B22"]
[WhiteElo "1330"]
[BlackElo "1287"]
[Annotator "NA RC"]
[PlyCount "76"]
[EventDate "2020.08.12"]
[EventType "tourn"]
[EventCountry "SLO"]
[SourceTitle "playchess.com"]
[Source "ChessBase"]
[SourceQuality "1"]
[TimeControl "3600+30"]

1. e4 c5 2. c3 Nf6 3. e5 Nd5 4. d4 e6 5. c4 Nb4 6. a3 N4c6 7. dxc5 Bxc5 8. Qg4 g6 9. Nf3 Qa5+ 10. Bd2 Bb4 11. Nc3 Nxe5 12. Nxe5 Qxe5+ 13. Be2 Bc5 14. Ne4 Bd4 15. Nc3 h5 16. Qh4 Qf6 17. Qg3 h4 18. Qf3 Qxf3 19. Bxf3 Nc6 20. Bf4 Ne5 21. Nb5 Nxf3+ 22. gxf3 Bb6 23. Bg5 d5 24. cxd5 exd5 25. Rc1 O-O 26. Nd6 Bh3 27. Bxh4 Bg2 28. Rg1 Bxf3 29. Be7 Rfe8 30. Nxe8 Rxe8 31. Kd2 Rxe7 32. Rg3 Re2+ 33. Kd3 Rxf2 34. b4 Be4+ 35. Kc3 Rxh2 36. a4 a5 37. b5 d4+ 38. Kb3 Bd5+ 0-1

[Event "23rd Pirc Memorial Juniors 202"]
[Site "Maribor"]
[Date "2020.08.13"]
[Round "3.5"]
[White "Javornik, Nik"]
[Black "Kozlovic, Jernej"]
[Result "1-0"]
[ECO "C64"]
[WhiteElo "1786"]
[BlackElo "1445"]
[Annotator "NA RC"]
[PlyCount "113"]
[EventDate "2020.08.12"]
[EventType "tourn"]
[EventCountry "SLO"]
[SourceTitle "playchess.com"]
[Source "ChessBase"]
[SourceQuality "1"]
[TimeControl "3600+30"]

1. e4 e5 2. Nf3 Nc6 3. Bb5 Bc5 4. O-O Nd4 5. Nxd4 Bxd4 6. c3 Bb6 7. d4 c6 8. Ba4 d6 9. dxe5 dxe5 10. Qh5 Qe7 11. Bg5 Qe6 12. Bb3 Qg6 13. Qxg6 hxg6 14. a4 Nf6 15. a5 Bc5 16. Ra4 Bg4 17. Re1 Rd8 18. h3 Bc8 19. Bc4 Rh5 20. h4 Ng4 21. Bxd8 Bxf2+ 22. Kf1 Bxe1 23. Kxe1 Kxd8 24. g3 f5 25. Bf7 Rh6 26. Nd2 Ke7 27. Bb3 g5 28. hxg5 Rh1+ 29. Ke2 Rh2+ 30. Ke1 Rg2 31. a6 b5 32. Rb4 Rxg3 33. c4 fxe4 34. cxb5 cxb5 35. Nxe4 Rg1+ 36. Kd2 Rg2+ 37. Kc3 Bxa6 38. Nc5 Rg3+ 39. Kd2 Bc8 40. Rxb5 Rg2+ 41. Kc3 Ne3 42. Rb8 Bf5 43. Nd3 Bxd3 44. Kxd3 Nf5 45. Rb7+ Kd6 46. Rxa7 Rxb2 47. Ra6+ Kc5 48. Bc4 e4+ 49. Kc3 Rg2 50. Ra5+ Kd6 51. Rxf5 e3 52. Kd3 Rg4 53. Bf7 Rg3 54. g6 Ke7 55. Re5+ Kf6 56. Ra5 Ke7 57. Ra6 1-0

[Event "23rd Pirc Memorial Juniors 202"]
[Site "Maribor"]
[Date "2020.08.13"]
[Round "4.1"]
[White "Drevensek, Gasper"]
[Black "Kozlovic, Jernej"]
[Result "0-1"]
[ECO "C54"]
[WhiteElo "1446"]
[BlackElo "1445"]
[Annotator "NA"]
[PlyCount "89"]
[EventDate "2020.08.12"]
[EventType "tourn"]
[EventCountry "SLO"]
[SourceTitle "playchess.com"]
[Source "ChessBase"]
[SourceQuality "1"]
[TimeControl "3600+30"]

1. e4 e5 2. Nf3 Nc6 3. Bc4 Bc5 4. c3 Nf6 5. d3 d6 6. O-O h6 7. Nbd2 O-O 8. b4 Bb6 9. Bb3 a5 10. b5 Ne7 11. a4 c6 12. bxc6 bxc6 13. Nc4 Bc7 14. Ba3 Ng6 15. Ne3 Re8 16. Qc2 d5 17. exd5 cxd5 18. Qa2 Bb7 19. Rfe1 Qd7 20. Rab1 Bc6 21. Bc5 Nf4 22. Qc2 d4 23. cxd4 e4 24. Nd2 exd3 25. Qc4 N6d5 26. Kh1 Nxe3 27. Rxe3 Bxg2+ 28. Kg1 Rxe3 29. Qxf7+ Qxf7 30. Bxf7+ Kxf7 31. fxe3 Bc6 32. exf4 Kg6 33. Rb3 Bxa4 34. Rxd3 Bxf4 35. Nf3 Kf5 36. Ra3 Bc2 37. Ne1 Be4 38. h3 a4 39. Rc3 Bd2 40. Rg3 Bxe1 41. Rxg7 a3 42. Bxa3 Rxa3 43. Rf7+ Ke6 44. Rf4 Kd5 45. Rh4 0-1

[Event "23rd Pirc Memorial Juniors 202"]
[Site "Maribor"]
[Date "2020.08.13"]
[Round "4.2"]
[White "Kodric, Gasper"]
[Black "Javornik, Nik"]
[Result "1/2-1/2"]
[ECO "A29"]
[WhiteElo "1624"]
[BlackElo "1786"]
[Annotator "NA RC"]
[PlyCount "73"]
[EventDate "2020.08.12"]
[EventType "tourn"]
[EventCountry "SLO"]
[SourceTitle "playchess.com"]
[Source "ChessBase"]
[SourceQuality "1"]
[TimeControl "3600+30"]

1. c4 e5 2. g3 Nf6 3. Bg2 d5 4. cxd5 Nxd5 5. Nf3 Nc6 6. O-O Nb6 7. d3 Be7 8. Nc3 O-O 9. Be3 Be6 10. d4 exd4 11. Nxd4 Nxd4 12. Bxd4 c6 13. Ne4 Bd5 14. e3 Qd7 15. Qc2 Rfd8 16. Rfd1 Qe8 17. Nc5 Bxg2 18. Kxg2 Bxc5 19. Bxc5 Qe6 20. Rxd8+ Rxd8 21. Rd1 Rd5 22. Bxb6 axb6 23. Qa4 g6 24. Rxd5 Qxd5+ 25. e4 Qd7 26. Qb4 b5 27. Qc3 h5 28. h4 Kh7 29. Qf6 c5 30. a3 Kg8 31. e5 Qd5+ 32. Qf3 Qxe5 33. Qxb7 c4 34. a4 bxa4 35. Qc8+ Kg7 36. Qxc4 Qxb2 37. Qxa4 1/2-1/2

[Event "23rd Pirc Memorial Juniors 202"]
[Site "Maribor"]
[Date "2020.08.13"]
[Round "4.3"]
[White "Heric, Meta"]
[Black "Lavrencic, Matic"]
[Result "0-1"]
[ECO "B21"]
[WhiteElo "1287"]
[BlackElo "1902"]
[Annotator "RC"]
[PlyCount "88"]
[EventDate "2020.08.12"]
[EventType "tourn"]
[EventCountry "SLO"]
[SourceTitle "playchess.com"]
[Source "ChessBase"]
[SourceQuality "1"]
[TimeControl "3600+30"]

1. e4 c5 2. Nc3 e6 3. f4 d5 4. Nf3 dxe4 5. Nxe4 Nc6 6. Bb5 Bd7 7. O-O a6 8. Bxc6 Bxc6 9. Qe1 Be7 10. d3 Nh6 11. Qc3 O-O 12. Nxc5 Rc8 13. d4 b6 14. Nb3 Bb5 15. Qe1 Bxf1 16. Qxf1 Rxc2 17. Qxa6 Nf5 18. Qd3 Rc7 19. h3 Qd5 20. Be3 Rfc8 21. Rc1 Rxc1+ 22. Nxc1 Qc4 23. Qxc4 Rxc4 24. Bd2 Nxd4 25. Nxd4 Rxd4 26. Nb3 Rc4 27. Be3 Rc2 28. Bd4 Bf6 29. Bxb6 Rxb2 30. Bd4 Bxd4+ 31. Nxd4 Rxa2 32. Nf3 f6 33. g4 Ra3 34. Kg2 Kf7 35. g5 h6 36. h4 Kg6 37. gxf6 gxf6 38. Kg3 Kf5 39. Kg2 Rxf3 40. Kxf3 h5 41. Kg3 Ke4 42. Kf2 Kxf4 43. Ke2 Kg4 44. Kf2 Kxh4 0-1

[Event "23rd Pirc Memorial Juniors 202"]
[Site "Maribor"]
[Date "2020.08.13"]
[Round "4.4"]
[White "Drevensek, Doroteja"]
[Black "Javornik, Lina"]
[Result "1-0"]
[ECO "C46"]
[WhiteElo "1381"]
[BlackElo "1330"]
[Annotator "NA"]
[PlyCount "77"]
[EventDate "2020.08.12"]
[EventType "tourn"]
[EventCountry "SLO"]
[SourceTitle "playchess.com"]
[Source "ChessBase"]
[SourceQuality "1"]
[TimeControl "3600+30"]

1. e4 e5 2. Nf3 Nc6 3. Nc3 Bc5 4. Nxe5 Nxe5 5. d4 Bd6 6. dxe5 Bxe5 7. Bd2 Nf6 8. Bd3 c6 9. O-O Qb6 10. Rb1 O-O 11. h3 d5 12. exd5 Nxd5 13. Nxd5 cxd5 14. Qh5 f5 15. Qf3 Be6 16. Rfe1 Qd6 17. a3 b6 18. Bb4 Qc7 19. Bxf8 Rxf8 20. Qe3 Bh2+ 21. Kh1 Rf6 22. Qf3 Bf4 23. Rxe6 Rxe6 24. Qxd5 Qe5 25. Bc4 Kf7 26. Qxe6+ Qxe6 27. Bxe6+ Kxe6 28. Rd1 b5 29. g3 Be5 30. b3 Bd6 31. a4 b4 32. Kg2 g5 33. h4 g4 34. f3 h5 35. Rd3 Be5 36. Rd8 a5 37. Ra8 Bc7 38. Rh8 Kf7 39. Rh7+ 1-0

[Event "23rd Pirc Memorial Juniors 202"]
[Site "Maribor"]
[Date "2020.08.13"]
[Round "4.5"]
[White "Guid, Taja"]
[Black "Centrih, Aleks"]
[Result "1/2-1/2"]
[ECO "D15"]
[WhiteElo "1705"]
[BlackElo "1746"]
[Annotator "NA"]
[PlyCount "95"]
[EventDate "2020.08.12"]
[EventType "tourn"]
[EventCountry "SLO"]
[SourceTitle "playchess.com"]
[Source "ChessBase"]
[SourceQuality "1"]
[TimeControl "3600+30"]

1. d4 d5 2. c4 c6 3. Nf3 Nf6 4. e3 a6 5. Nc3 b5 6. c5 Bg4 7. h3 Bxf3 8. Qxf3 g6 9. Bd3 Bg7 10. O-O O-O 11. b3 e5 12. Bc2 Nbd7 13. Bb2 a5 14. Qd1 Re8 15. Ne2 exd4 16. exd4 Ne4 17. Bxe4 Rxe4 18. Qc2 Re8 19. Rad1 Nf6 20. Rfe1 Ne4 21. f3 Nf6 22. Bc1 Nh5 23. Qd3 Qh4 24. Be3 Ng3 25. Nxg3 Qxg3 26. Bf2 Qf4 27. Be3 Qc7 28. Qd2 a4 29. Bf4 Rxe1+ 30. Rxe1 Qd7 31. Be5 axb3 32. axb3 Re8 33. Bxg7 Kxg7 34. Kf2 Ra8 35. Qg5 Ra2+ 36. Re2 Rxe2+ 37. Kxe2 Qe6+ 38. Qe3 Qf5 39. Qc1 h6 40. g4 Qd7 41. Qf4 Qe6+ 42. Qe3 g5 43. Qxe6 fxe6 44. Ke3 Kf6 45. f4 Kg6 46. Kf3 b4 47. Kg3 Kf6 48. Kf3 1/2-1/2

[Event "23rd Pirc Memorial Juniors 202"]
[Site "Maribor"]
[Date "2020.08.14"]
[Round "5.1"]
[White "Centrih, Aleks"]
[Black "Drevensek, Gasper"]
[Result "1/2-1/2"]
[ECO "B51"]
[WhiteElo "1746"]
[BlackElo "1446"]
[Annotator "NA RC"]
[PlyCount "65"]
[EventDate "2020.08.12"]
[EventType "tourn"]
[EventCountry "SLO"]
[SourceTitle "playchess.com"]
[Source "ChessBase"]
[SourceQuality "1"]
[TimeControl "3600+30"]

1. e4 c5 2. Nf3 d6 3. Bb5+ Nd7 4. O-O a6 5. Bd3 Ngf6 6. c3 e6 7. Bc2 Be7 8. d4 b5 9. a4 Bb7 10. Nbd2 O-O 11. Qe2 Qb6 12. Bd3 b4 13. Nc4 Qc6 14. Na5 Qb6 15. Nxb7 Qxb7 16. e5 Nd5 17. Be4 bxc3 18. Bxd5 Qxd5 19. bxc3 dxe5 20. dxe5 Qc6 21. c4 Bd8 22. Rd1 Bc7 23. Bg5 Rfe8 24. Ra2 Nf8 25. h4 h6 26. Bf4 Ng6 27. Bg3 Red8 28. Rxd8+ Rxd8 29. h5 Ne7 30. Bh4 Rd7 31. Bxe7 Rxe7 32. Nd2 Rd7 33. Qe4 1/2-1/2

[Event "23rd Pirc Memorial Juniors 202"]
[Site "Maribor"]
[Date "2020.08.14"]
[Round "5.2"]
[White "Javornik, Lina"]
[Black "Guid, Taja"]
[Result "0-1"]
[ECO "B22"]
[WhiteElo "1330"]
[BlackElo "1705"]
[Annotator "NA RC"]
[PlyCount "62"]
[EventDate "2020.08.12"]
[EventType "tourn"]
[EventCountry "SLO"]
[SourceTitle "playchess.com"]
[Source "ChessBase"]
[SourceQuality "1"]
[TimeControl "3600+30"]

1. e4 c5 2. c3 g6 3. d4 cxd4 4. cxd4 d5 5. e5 Nc6 6. Bb5 Bd7 7. Nc3 e6 8. a3 Bg7 9. Nge2 Nh6 10. Ng3 O-O 11. O-O f6 12. f4 Qb6 13. Bxc6 Bxc6 14. Kh1 fxe5 15. fxe5 Rxf1+ 16. Nxf1 Nf5 17. Ne2 Bb5 18. Nfg3 Bxe2 19. Nxe2 Rf8 20. g4 Ne7 21. a4 Nc6 22. b3 Rf3 23. Rb1 Kf7 24. Kg2 Nxe5 25. dxe5 Qf2+ 26. Kh1 Bxe5 27. Ng3 Bxg3 28. hxg3 Qxg3 29. Qe2 Qh3+ 30. Kg1 Rg3+ 31. Kf2 Rg2+ 0-1

[Event "23rd Pirc Memorial Juniors 202"]
[Site "Maribor"]
[Date "2020.08.14"]
[Round "5.4"]
[White "Javornik, Nik"]
[Black "Heric, Meta"]
[Result "1-0"]
[ECO "B75"]
[WhiteElo "1786"]
[BlackElo "1287"]
[Annotator "NA RC"]
[PlyCount "81"]
[EventDate "2020.08.12"]
[EventType "tourn"]
[EventCountry "SLO"]
[SourceTitle "playchess.com"]
[Source "ChessBase"]
[SourceQuality "1"]
[TimeControl "3600+30"]

1. e4 c5 2. Nf3 d6 3. d4 cxd4 4. Nxd4 Nf6 5. Nc3 g6 6. f3 Bg7 7. Be3 a6 8. Qd2 Nbd7 9. O-O-O b5 10. g4 Ne5 11. g5 Nh5 12. f4 Ng4 13. Bg1 Bxd4 14. Bxd4 f6 15. h3 e5 16. hxg4 Bxg4 17. Be2 Bxe2 18. Nxe2 exd4 19. Qxd4 Rc8 20. gxf6 Nxf6 21. Rd2 O-O 22. b3 Qe7 23. Ng3 Rfe8 24. Re1 d5 25. e5 Qa3+ 26. Kb1 Qc5 27. Red1 Qxd4 28. Rxd4 Ng4 29. R1d3 Rf8 30. f5 Nxe5 31. Re3 Nc6 32. Rxd5 Nb4 33. Rd7 Rf7 34. Rxf7 Kxf7 35. fxg6+ hxg6 36. Re2 Rc3 37. Ne4 Rf3 38. Ng5+ Kg7 39. Nxf3 Nd5 40. Kb2 Nf4 41. Re7+ 1-0